 Dungeon Crawl Stone Soup version 0.31-a0-1-g4198be8af4 (webtiles) character file.

Game seed: 13800969424498836075

32 kae the Insei (level 3, 0/39 HPs)
             Began as a Merfolk Transmuter on May 1, 2023.
             Succumbed to an adder's poison
             ... on level 2 of the Dungeon.
             The game lasted 00:00:54 (881 turns).

kae the Insei (Merfolk Transmuter)                   Turns: 881, Time: 00:00:54

Health: 0/39       AC: 21    Str: 10    XL:     3   Next: 27%
Magic:  3/6        EV:  2    Int: 14    God:
Gold:   31         SH:  0    Dex: 14    Spells: 0/6 levels left

rFire   . .          .
                       - Unarmed
rCold   . . .        (no shield)
rNeg    . . .        a - melded +0 robe
rPois   +            (helmet currently unavailable)
rElec   .            (cloak currently unavailable)
rCorr   .            (gloves currently unavailable)
SInv    .            (boots currently unavailable)
Will    .....        (no amulet)
Stlth   +            (no ring)
HPRegen 0.26/turn    (no ring)
MPRegen 0.10/turn

%: no passive effects
@: lethally poisoned (0 -> -5), tree-form, very slightly contaminated
A: stationary, stasis, torment immunity, boosted hp, (nimble swimmer 2),
(mertail)
a: no special abilities


You were on level 2 of the Dungeon.
You were a tree.
You visited 1 branch of the dungeon, and saw 2 of its levels.

You collected 31 gold pieces.


Innate Abilities, Weirdness & Mutations

You are a tree.
Your roots penetrate the ground, keeping you stationary.
You cannot be teleported.
You are immune to unholy pain and torment.
Your maximum health is greatly increased.
Your equipment is partially melded.
((You are very nimble when in or above water. (Stealth+, EV+, Speed+++)))
((Your lower body shifts to a powerful aquatic tail in water.))


   Skills:
 - Level 1.1 Fighting
 - Level 2.6 Dodging
 + Level 3.6 Unarmed Combat
 + Level 2.3 Spellcasting
 + Level 3.3 Transmutations
 + Level 1.3 Poison Magic


You couldn't memorise any spells.
You knew the following spells:

 Your Spells              Type           Power      Damage    Failure   Level
a - Beastly Appendage     Tmut           22%        N/A       6%          1
b - Wereblood             Tmut           11%        N/A       9%          2
c - Spider Form           Tmut/Pois      8%         N/A       26%         3

Your spell library contained the following spells:

 Spells                   Type           Power      Damage    Failure   Level
 Ice Form                 Ice/Tmut       6%         N/A       75%         4

Inventory:

Missiles
 c - 19 stones
Armour
 a - a +0 robe (melded)
Wands
 d - a wand of iceblast (2)
   (You found it on level 2 of the Dungeon)
Potions
 e - 2 potions of attraction {!q}

Dungeon Overview and Level Annotations

Branches:
Dungeon (2/15) Zot: 11124

Altars:

#.# #....#
#.#####....#.#
##.....#....#.#
#...........#.#
#.†.........#.#
#...........#.#
#†..........#.#
#...........#.#
#...........♣.#
...###...########
..#..>.......# .
.........#.#
#.#######.#.#
#.#.# #.#.# #.#.#
#.#.#


There were no monsters in sight!


Message History

The bat misses you.
You hit the bat.
You kill the bat!
No target in view!
No target in view!
No target in view!
No target in view!
Unknown command.
Your transformation has ended.
Your +0 robe unmelds from your body. 😎 HP[+2] MP[+1]
Your hp is fully restored (26).
Unknown command.
You see here a rat corpse.
Found a stone staircase leading down. 😎 MP[+1]
d - a wand of iceblast (2) 😎 MP[+1]
Your mp is fully restored (6).
An adder comes into view.
The adder hisses angrily.
An adder is nearby!
An adder is nearby!
Casting: Spider Form (extremely dangerous; 26% risk of failure)
Confirm with . or Enter, or press ? or * to list all spells.
You grow a pair of large bovine horns.
Your transformation is almost over. 😎 MP[-1]
You lost 1 mp, and now have 5/6 mp.
You barely miss the adder. The adder bites you.
You miss the adder. The adder bites you. x2 😮 HP[-10]
You take 10 damage, and now have 16/26 hp.
MASSIVE DAMAGE!! (PAUSE)
You hit the adder but do no damage. Your headbutt misses the adder.
The adder closely misses you. 😮 HP[+1] Unknown command.
You closely miss the adder. The adder misses you.
You barely miss the adder. The adder closely misses you.
Unknown command.
You closely miss the adder. Your headbutt misses the adder.
The adder misses you. The adder barely misses you.
You barely miss the adder. Your headbutt misses the adder.
Your punch misses the adder.
The adder barely misses you. 😮 HP[+1] Unknown command.
You closely miss the adder. Your headbutt misses the adder.
The adder bites you but does no damage.
You miss the adder. Your headbutt misses the adder.
Your horns disappear.
The adder misses you. 😮 MP[+1]
Your mp is fully restored (6).
Unknown command.
You miss the adder. The adder misses you.
You punch the adder! The adder misses you. The adder bites you. 😮 HP[-3]
You take 3 damage, and now have 15/26 hp.
You miss the adder.
The adder barely misses you. 😮 HP[+1] Unknown command.
Casting: Beastly Appendage (safe; 6% risk of failure)
Confirm with . or Enter, or press ? or * to list all spells.
The spell is extremely dangerous to miscast (26% risk of failure)!
Continue anyway? [Y]es or [N]o only, please.
The spell is extremely dangerous to miscast (26% risk of failure)!
Continue anyway?
You miscast Spider Form.
You are very lightly contaminated with residual magic.
You feel incredibly sick!
You are poisoned.
* * * LOW HITPOINT WARNING * * *
x2 You feel sick.
The adder closely misses you. 😱 HP[-12] MP[-3]
You take 12 damage, and now have 4/26 hp.
MASSIVE DAMAGE!! (PAUSE)
You lost 3 mp, and now have 3/6 mp.
You closely miss the adder.
* * * LOW HITPOINT WARNING * * *
You feel sick.
The adder bites you but does no damage. 😱 HP[-1]
You take 1 damage, and now have 3/26 hp.
You closely miss the adder.
* * * LOW HITPOINT WARNING * * *
You feel sick. The adder bites you.
* * * LOW HITPOINT WARNING * * *
You are more poisoned.
The adder poisons you! The adder barely misses you. 😱 HP[-2]
You take 2 damage, and now have 1/26 hp.
Really quaff
b - a potion of lignification {!q}?
Really quaff the potion of lignification?
You turn into a tree.
Your +0 robe melds into your body.
Your roots penetrate the ground.
* * * LOW HITPOINT WARNING * * *
You feel sick. The adder bites you but does no damage.
You now have 39 max hp (+13).
You smack the adder!
You kill the adder!
You die...

Skill      XL: |  1  2 |
---------------+-------+-----
Transmutations | 3 |  3.3
Poison Magic   | 1 |  1.3
Fighting       | |  1.1
Dodging        | |  2.6
Unarmed Combat | |  3.6
Spellcasting   | |  2.3

Action                     || total
---------------------------++-------
  Melee: Unarmed           ||    77
         Headbutt          ||    11
         Punch             ||     2
   Cast: Beastly Appendage ||    13
         Spider Form       ||     1
    Use: Scroll            ||     3
         Potion            ||     1
   Stab: Sleeping          ||     1
 Armour: Robe              ||    10
         Skin              ||     3
  Dodge: Dodged            ||    52

Levels and vault maps discovered:
D:1:      dpeg_arrival_solitude, layout_loops_ring, serial_glass,
          glass_columns_a, glass_columns_b,
          nicolae_concentric_dashed_squares_mild, chequers_decorated_corner
D:2:      layout_basic, minmay_misc_feat_hallway

Notes
Turn   | Place    | Note
-------+----------+-------------------------------------------
     0 | D:1      | kae the Merfolk Transmuter began the quest for the Orb.
     0 | D:1      | Reached XP level 1. HP: 15/15 MP: 3/3
     0 | D:1      | magus.rc [v1.11.3]
   113 | D:1      | Reached XP level 2. HP: 12/21 MP: 3/5
   114 | D:1      | Reached skill level 3 in Transmutations
   304 | D:1      | Reached skill level 1 in Poison Magic
   479 | D:1      | Reached XP level 3. HP: 23/26 MP: 4/6
   482 | D:1      | Learned a level 2 spell: Wereblood
   486 | D:1      | Learned a level 3 spell: Spider Form
   877 | D:2      | HP: 6/26 [something (10)]
   879 | D:2      | HP: 2/26 [poisoned by miscasting Spider Form]
   881 | D:2      | Succumbed to an adder's poison

Vanquished Creatures
  An adder (D:2)
  A worm (D:2)
  A ball python (D:1)
  2 bats
  3 endoplasms (D:1)
  3 giant cockroaches (D:1)
  4 goblins (D:1)
  5 hobgoblins (D:1)
  A kobold (D:1)
  A quokka (D:1)
  A frilled lizard (D:1)
  2 rats
25 creatures vanquished.

Table legend:
 A = Non-vault XP
 B = Vault XP
 C = Vault XP percentage of total XP
 D = Non-vault monster count
 E = Vault monster count
 F = Vault count percentage of total count
                 A         B        C        D         E       F
            +---------+---------+-------+---------+---------+-------
      Total |      60 |       0 |   0.0 |      25 |       0 |   0.0
            +---------+---------+-------+---------+---------+-------
        D:1 |      40 |       0 |   0.0 |      21 |       0 |   0.0
        D:2 |      20 |       0 |   0.0 |       4 |       0 |   0.0
            +---------+---------+-------+---------+---------+-------

Skill      XL: |  1  2 |
---------------+-------+-----
Transmutations | 3 |  3.3
Poison Magic   | 1 |  1.3
Fighting       | |  1.1
Dodging        | |  2.6
Unarmed Combat | |  3.6
Spellcasting   | |  2.3

Action                     || total
---------------------------++-------
  Melee: Unarmed           ||    77
         Headbutt          ||    11
         Punch             ||     2
   Cast: Beastly Appendage ||    13
         Spider Form       ||     1
    Use: Scroll            ||     3
         Potion            ||     1
   Stab: Sleeping          ||     1
 Armour: Robe              ||    10
         Skin              ||     3
  Dodge: Dodged            ||    52

Illustrated notes

Table legend:
 A = Kills in this place as a percentage of kills in the entire game.
 B = Kills by you in this place as a percentage of kills by you in the entire game.
 C = Kills by friends in this place as a percentage of kills by friends in the entire game.
 D = Other kills in this place as a percentage of other kills in the entire game.
 E = Experience gained in this place as a percentage of experience gained in the entire game.
 F = Experience gained in this place divided by the number of levels of this place that you have seen.
                   A       B       C       D       E      F
               +-------+-------+-------+-------+-------+----------------------
         Total | 100.0 | 100.0 |   N/A |   N/A | 100.0 |  30.0
       Dungeon | 100.0 | 100.0 |   N/A |   N/A | 100.0 |  30.0
               +-------+-------+-------+-------+-------+----------------------

Table legend: (Time is in decaauts)
 A = Elapsed time spent in this place.
 B = Non-inter-level travel time spent in this place.
 C = Inter-level travel time spent in this place.
 D = Time resting spent in this place.
 E = Time spent auto-exploring this place.
 F = Levels seen in this place.
 G = Mean time per level.
                   A        B        C        D        E       F      G
               +--------+--------+--------+--------+--------+-----+--------+
         Total |    875 |    854 |     21 |      0 |    669 |   2 |  437.5 |
       Dungeon |    875 |    854 |     21 |      0 |    669 |   2 |  437.5 |
               +--------+--------+--------+--------+--------+-----+--------+

Top non-repeatable levels by time:
     D:1: 808 daAuts
     D:2: 67 daAuts
